 Dungeon Crawl Stone Soup version 0.28.0-55-gcd9437bce4 (webtiles) character file.

Game seed: 15412407887037265223

58 AarnesTheHuman the Shield-Bearer (level 4, -6/41 HPs)
             Began as a Gnoll Fighter on Jan 2, 2023.
             Mangled by a gnoll
             ... wielding a +0 halberd
              (8 damage)
             ... on level 2 of the Dungeon.
             The game lasted 00:01:27 (1925 turns).

AarnesTheHuman the Shield-Bearer (Gnoll Fighter)    Turns: 1925, Time: 00:01:27

Health: -6/41      AC: 12    Str: 18    XL:     4   Next: 1%
Magic:  5/5        EV:  7    Int:  7    God:
Gold:   35         SH:  5    Dex: 11    Spells: 5/5 levels left

rFire   . . .      SeeInvis .   a - +0 war axe
rCold   . . .      Faith    .   c - +0 buckler
rNeg    . . .      Spirit   .   g - +0 storm dragon scales
rPois   .          Reflect  .   (no helmet)
rElec   +          Harm     .   (no cloak)
rCorr   .          Rampage  .   (no gloves)
Will    .....                   (no boots)
Stlth   ..........              (no amulet)
HPRegen 0.13/turn               (no ring)
MPRegen 0.09/turn               (no ring)

@: no status effects
A: fangs 1, strong nose, distributed training
a: no special abilities


You were on level 2 of the Dungeon.
You visited 1 branch of the dungeon, and saw 2 of its levels.

You collected 35 gold pieces.

Inventory:

Hand Weapons
 a - a +0 war axe (weapon)
 b - a +0 hunting sling
Missiles
 e - 38 stones (quivered)
 h - 55 sling bullets
 i - 2 javelins
Armour
 c - a +0 buckler (worn)
 g - +0 storm dragon scales (worn)
 k - a +0 scale mail
Scrolls
 f - a scroll of summoning {unknown}
 j - a scroll of teleportation {unknown}
 l - a scroll of enchant weapon {unknown}
 m - a scroll of enchant armour {unknown}
Potions
 d - a potion of might
 n - 2 potions of mutation {unknown}


   Skills:
 + Level 6.5 Fighting
 + Level 1.0 Short Blades
 + Level 1.0 Long Blades
 + Level 4.6 Axes
 + Level 1.0 Maces & Flails
 + Level 1.0 Polearms
 + Level 1.0 Staves
 + Level 1.0 Slings
 + Level 1.0 Bows
 + Level 1.0 Crossbows
 + Level 1.0 Throwing
 + Level 6.5 Armour
 + Level 1.0 Dodging
 + Level 1.0 Stealth
 + Level 6.5 Shields
 + Level 1.0 Unarmed Combat
 + Level 1.0 Spellcasting
 + Level 0.7 Conjurations
 + Level 0.7 Hexes
 + Level 0.7 Summonings
 + Level 0.7 Necromancy
 + Level 0.7 Translocations
 + Level 0.7 Transmutations
 + Level 0.7 Fire Magic
 + Level 0.7 Ice Magic
 + Level 0.7 Air Magic
 + Level 0.7 Earth Magic
 + Level 0.7 Poison Magic
 + Level 1.1 Invocations
 + Level 1.0 Evocations


You had 5 spell levels left.
You didn't know any spells.
Your spell library was empty.

Dungeon Overview and Level Annotations

Branches:
Dungeon (2/15)

Altars:


Innate Abilities, Weirdness & Mutations

You have very sharp teeth.
Your uncanny sense of smell can sniff out nearby items.
Your experience applies equally to all skills.


Message History

You climb downwards.
There is a stone staircase leading up here.
The gnoll hits you with a +0 halberd.
You closely miss the gnoll. You bite the gnoll, but do no damage.
The gnoll hits you with a +0 halberd!
You barely miss the gnoll. The gnoll hits you with a +0 halberd.
You block the gnoll's attack. The gnoll barely misses you.
The gnoll hits you with a +0 halberd.
There is a stone staircase leading up here.
You block the gnoll's attack.
You climb upwards.
There is a stone staircase leading down, spattered with blood here.
You slash the gnoll!
The gnoll is severely wounded.
The gnoll hits you with a +0 halberd!
* * * LOW HITPOINT WARNING * * *
You hit the gnoll.
You kill the gnoll!
Your Short Blades skill increases to level 1!
Your Long Blades skill increases to level 1!
Your Maces & Flails skill increases to level 1!
Your Polearms skill increases to level 1!
Your Staves skill increases to level 1!
Your Slings skill increases to level 1!
Your Bows skill increases to level 1!
Your Crossbows skill increases to level 1!
Your Throwing skill increases to level 1!
Your Dodging skill increases to level 1!
Your Stealth skill increases to level 1!
Your Unarmed Combat skill increases to level 1!
Your Spellcasting skill increases to level 1!
Your Evocations skill increases to level 1!
You have reached level 4!
You feel stronger.
You climb downwards.
The gnoll hits you but does no damage.
The gnoll hits you from afar with a +0 halberd!
* * * LOW HITPOINT WARNING * * *
There is a stone staircase leading up here.
The gnoll hits you from afar with a +0 halberd!
You die...

#.# #.# #.# #.#
###+####
#......#####
#......#...#
#......#...# ######
#+#@##...# #.....
#........######.####
#..g...............#
#.....#....####.##.#
+.....#....####.##.#
#....?#......##.#...
#.....#......##.#...
#.....###....##.#...
#.....# #....##.#...


You could see a gnoll.

Vanquished Creatures
  An adder (D:1)
  2 gnolls (D:1)
  5 endoplasms
  2 giant cockroaches (D:1)
  A goblin (D:1)
  4 hobgoblins (D:1)
  4 jackals
  A quokka (D:1)
  2 ball pythons (D:1)
  2 frilled lizards (D:1)
  2 kobolds
  A rat (D:1)
27 creatures vanquished.

Notes
Turn   | Place    | Note
-------+----------+-------------------------------------------
     0 | D:1      | AarnesTheHuman the Gnoll Fighter began the quest for the
                  | Orb.
     0 | D:1      | Reached XP level 1. HP: 23/23 MP: 1/1
   479 | D:1      | Reached XP level 2. HP: 29/29 MP: 2/2
   774 | D:1      | Found a faded altar of an unknown god.
  1292 | D:1      | Reached XP level 3. HP: 35/35 MP: 3/3
  1630 | D:1      | Reached skill level 1 in Invocations
  1923 | D:1      | Reached skill level 1 in Short Blades
  1923 | D:1      | Reached skill level 1 in Long Blades
  1923 | D:1      | Reached skill level 1 in Maces & Flails
  1923 | D:1      | Reached skill level 1 in Polearms
  1923 | D:1      | Reached skill level 1 in Staves
  1923 | D:1      | Reached skill level 1 in Slings
  1923 | D:1      | Reached skill level 1 in Bows
  1923 | D:1      | Reached skill level 1 in Crossbows
  1923 | D:1      | Reached skill level 1 in Throwing
  1923 | D:1      | Reached skill level 1 in Dodging
  1923 | D:1      | Reached skill level 1 in Stealth
  1923 | D:1      | Reached skill level 1 in Unarmed Combat
  1923 | D:1      | Reached skill level 1 in Spellcasting
  1923 | D:1      | Reached skill level 1 in Evocations
  1923 | D:1      | Reached XP level 4. HP: 8/41 MP: 5/5
  1924 | D:2      | HP: 2/41 [gnoll/+0 halberd (7)]
  1925 | D:2      | Mangled by a gnoll

Illustrated notes

Levels and vault maps discovered:
D:1:      eino_arrival_cavern_b, layout_basic, ebering_ecumenical_altar_webs
D:2:      layout_basic, uniq_natasha

Skill      XL: |  1  2  3 |
---------------+----------+-----
Invocations    | 1 |  1.1
Short Blades   | 1 |  1.0
Long Blades    | 1 |  1.0
Maces & Flails | 1 |  1.0
Polearms       | 1 |  1.0
Staves         | 1 |  1.0
Slings         | 1 |  1.0
Bows           | 1 |  1.0
Crossbows      | 1 |  1.0
Throwing       | 1 |  1.0
Dodging        | 1 |  1.0
Stealth        | 1 |  1.0
Unarmed Combat | 1 |  1.0
Spellcasting   | 1 |  1.0
Evocations     | 1 |  1.0
Fighting       | |  6.5
Axes           | |  4.6
Armour         | |  6.5
Shields        | |  6.5
Conjurations   | |  0.7
Hexes          | |  0.7
Summonings     | |  0.7
Necromancy     | |  0.7
Translocations | |  0.7
Transmutations | |  0.7
Fire Magic     | |  0.7
Ice Magic      | |  0.7
Air Magic      | |  0.7
Earth Magic    | |  0.7
Poison Magic   | |  0.7

Action                   |  1- 3 |  4- 6 || total
-------------------------+-------+-------++-------
Melee: War axe           |    77 |       ||    77
       Bite              |     9 |       ||     9
Armor: Storm dragon scal |    47 |     1 ||    48
       Scale mail        |     2 |       ||     2
Dodge: Dodged            |    29 |       ||    29
Block: Buckler           |    19 |       ||    19
